 Dungeon Crawl Stone Soup version 0.31-a0-654-gbe3e110b4e (webtiles) character file.

Game seed: 10625244240461381908

12093 ytrimaz the Martial Artist (level 11, -3/99 HPs)
             Began as a Green Draconian Shapeshifter on Aug 29, 2023.
             Was a High Priest of Okawaru.
             Killed by vampiric draining
             ... invoked by a vampire
              (17 damage)
             ... on level 11 of the Dungeon.
             The game lasted 00:11:54 (8472 turns).

ytrimaz the Martial Artist (DrSh)                   Turns: 8472, Time: 00:11:55

Health: -3/99      AC: 11    Str: 15    XL:     11   Next: 57%
Magic:  14/14      EV: 20    Int: 14    God:    Okawaru [*****.]
Gold:   614        SH:  0    Dex: 15    Spells: 10/10 levels left

rFire   . .          .
                       - Unarmed
rCold   . . .        (no shield)
rNeg    . . .        (body armour unavailable)
rPois   +            (helmet currently unavailable)
rElec   .            (cloak currently unavailable)
rCorr   .            (gloves currently unavailable)
SInv    .            (boots currently unavailable)
Will    .....        C - amulet of regeneration
Stlth   +            f - +4 ring of protection
HPRegen 1.16/turn    p - +5 ring of evasion
MPRegen 0.14/turn

%: no passive effects
@: beast-form, flying
A: beast (slay +4), flying, breathe noxious fumes, AC +7, unfitting armour,
poison resistance, cold-blooded, big wings, hooves 1, clever 1, low MP 1
a: Breathe Noxious Fumes, Begin Untransformation, Renounce Religion, Heroism,
Finesse, Duel


You were on level 11 of the Dungeon.
You worshipped Okawaru.
Okawaru was extremely pleased with you.
You were a hulking beast.
You visited 2 branches of the dungeon, and saw 12 of its levels.
You also visited: Ossuary.

You collected 634 gold pieces.
You spent 20 gold pieces at shops.


Innate Abilities, Weirdness & Mutations

You are a hulking beast.
Your limbs bulge with bestial killing power. (Slay +4)
You are flying.
You can breathe blasts of noxious fumes.
Your lurid green scales are hard. (AC +7)
You cannot fit into any form of body armour.
Your system is resistant to poisons. (rPois)
You are cold-blooded and may be slowed by cold attacks.
Your large and strong wings let you fly.
You have large cloven feet.
Your mind is acute. (Int +4, Str/Dex -1)
Your magical capacity is low. (-10% MP)


   Skills:
 - Level 10.0 Fighting
 + Level 7.4 Dodging
 - Level 10.0 Unarmed Combat
 - Level 7.0 Invocations
 + Level 8.5 Shapeshifting


You had 10 spell levels left.
You didn't know any spells.
Your spell library contained the following spells:

 Spells                   Type           Power      Damage    Failure   Level
 Apportation              Tloc           0%         N/A       28%         1
 Magic Dart               Conj           0%         1d3       28%         1
 Necrotise                Necr           0%         1d4       28%         1
 Cigotuvi's Dreadful Rot  Necr/Pois/Air  0%         N/A       41%         2
 Ensorcelled Hibernation  Hex/Ice        0%         N/A       41%         2
 Passwall                 Tmut/Erth      0%         N/A       41%         2
 Searing Ray              Conj           0%         2d4       41%         2
 Sublimation of Blood     Necr           0%         N/A       41%         2
 Wereblood                Tmut           0%         N/A       41%         2
 Frozen Ramparts          Ice            0%         1d1       65%         3
 Gell's Gravitas          Tloc           0%         N/A       65%         3
 Ignite Poison            Fire/Tmut/Pois 0%         N/A       65%         3
 Mephitic Cloud           Conj/Pois/Air  0%         N/A       65%         3
 Swiftness                Air            0%         N/A       65%         3
 Teleport Other           Tloc           0%         N/A       65%         3
 Fulminant Prism          Conj/Hex       0%         3d5       96%         4
 Petrify                  Tmut/Erth      0%         N/A       96%         4
 Freezing Cloud           Conj/Ice/Air   0%         6-21      100%        5
 Metabolic Englaciation   Hex/Ice        0%         N/A       100%        5
 Dispersal                Tloc           0%         N/A       100%        6
 Summon Small Mammal      Summ           Unusable   N/A       N/A         1
 Call Imp                 Summ           Unusable   N/A       N/A         2
 Summon Hydra             Summ           Unusable   N/A       N/A         7

Inventory:

Hand Weapons
 w - a +0 spear
   (You took it off a gnoll on level 7 of the Dungeon)
Missiles
 G - 2 throwing nets
Armour
 i - a +1 cloak
   (You found it on level 1 of the Dungeon)
 n - a +2 pair of gloves of strength
   (You found it on level 2 of the Dungeon)
 J - a +0 pair of boots of stealth
   (Okawaru gifted it to you on level 10 of the Dungeon)
Jewellery
 f - a +4 ring of protection (left hand)
   (You found it on level 3 of the Dungeon)
 p - a +5 ring of evasion (right hand)
   (You found it on level 4 of the Dungeon)
 s - an amulet of faith
   (You found it on level 4 of the Dungeon)
 y - an amulet of magic regeneration
   (You found it on level 5 of the Dungeon)
 C - an amulet of regeneration (around neck)
   (You found it on level 8 of the Dungeon)
 F - a +6 ring of dexterity
   (You took it off a gnoll on level 9 of the Dungeon)
Talismans
 b - a beast talisman (active)
 c - a flux talisman
Wands
 t - a wand of acid (6)
   (You found it on level 6 of the Dungeon)
Scrolls
 a - a scroll of amnesia
 d - a scroll of silence
 e - a scroll of brand weapon
 g - 3 scrolls of teleportation
 j - 6 scrolls of fear
 v - 2 scrolls of immolation
 D - 5 scrolls of poison
 H - a scroll of vulnerability
Potions
 h - 2 potions of curing
 k - 3 potions of haste
 l - 2 potions of mutation
 m - 2 potions of brilliance
 o - 2 potions of attraction
 q - 4 potions of magic
 r - 2 potions of enlightenment
 u - a potion of ambrosia
 x - a potion of cancellation
 z - 4 potions of might
 A - a potion of heal wounds {unknown}
 B - a potion of lignification
 E - a potion of invisibility {unknown}

Dungeon Overview and Level Annotations

Branches:
Dungeon (11/15) Zot: 26973  Temple (1/1) D:7 Zot: 5912    Lair (0/5) D:10
Ossuary (visited)
    Orc: D:9-12

Altars:
Ashenzari
Cheibriados
Dithmenos
Elyvilon
Fedhas
Gozag
Hepliaklqana
Kikubaaqudgha
Makhleb
Nemelex Xobeh
Okawaru
Qazlal
Ru
Sif Muna
Trog
Uskayaw
Vehumet
Wu Jian
Xom
Yredelemnul
Zin
The Shining One

Shops:
D:1 ! D:2

?** #.. .# #.####.#
### #<...#.#
....#....#.# #
+...........#.# #
#....#........# #.##
+....#.....#####.....
#... #...$..)........
.... #......)h{......
.>. #.#.............
#.##.#.....##.#.
#............
###...........
####.......#
.......... #.......##


There were no monsters in sight!


Message History

Reactivating autopickup.
You feel a bit more experienced.
You feel sick. 😕 HP[-1]
You take 1 damage, and now have 96/99 hp.
You feel sick. Something barely misses you.
Things that are here:
a +2 dagger of venom; a +0 robe; 😕 HP[+1] No target in view!
No target in view!
Deactivating autopickup; reactivate with Ctrl-A.
You miss something. You kick something.
You feel sick. Something barely misses you. 😕 HP[-1]
You take 1 damage, and now have 96/99 hp.
You barely miss something. You tail-slap something. Okawaru accepts your kill.
Reactivating autopickup.
You feel a bit more experienced.
You feel sick. 😕 HP[+1]
You can't see any hostile targets in range.
You feel sick. Something hits you!
Deactivating autopickup; reactivate with Ctrl-A.
Something closely misses you. 😕 HP[-7]
You take 7 damage, and now have 90/99 hp.
You hit something. You kick something.
You feel sick. Something hits you. Something bites you.
Something draws strength from your injuries! 😕 HP[-5]
You take 5 damage, and now have 85/99 hp.
You hit something but do no damage. Your kick misses something.
You feel sick. Something hits you but does no damage.
Something closely misses you.
You punch something! Your kick misses something. You tail-slap something.
You feel sick.
You are no longer poisoned. 😕 HP[-1]
You take 1 damage, and now have 84/99 hp.
Unknown command.
You miss something. You tail-slap something.
Something draws life force from you! 😮 HP[-14]
You take 14 damage, and now have 70/99 hp.
You closely miss something. You kick something. You punch something!
Something draws life force from you! 😮 HP[-8]
You take 8 damage, and now have 62/99 hp.
Unknown command.
You hit something but do no damage. You kick something.
Something hits you but does no damage. Something bites you!
Something draws strength from your injuries! 😮 HP[-9]
You take 9 damage, and now have 53/99 hp.
You closely miss something.
Your tail-slap misses something.
Something closely misses you. x2
Unknown command. 😮 HP[+1]
You hit something but do no damage. You kick something. Something hits you!
* * * LOW HITPOINT WARNING * * *
Something bites you.
* * * LOW HITPOINT WARNING * * *
Something draws strength from your injuries! 😨 HP[-13]
You take 13 damage, and now have 41/99 hp.
You hit something but do no damage. Your kick misses something.
Your tail-slap misses something. 😨 HP[+1] Unknown command.
You punch something! Something draws life force from you!
* * * LOW HITPOINT WARNING * * *
😨 HP[-10]
You take 10 damage, and now have 32/99 hp.
You punch something! Your kick misses something. You tail-slap something.
Something hits you.
* * * LOW HITPOINT WARNING * * *
Something bites you!
* * * LOW HITPOINT WARNING * * *
Something draws strength from your injuries!
Unknown command. 😱 HP[-14]
You take 14 damage, and now have 18/99 hp.
You hit something.
Your tail-slap misses something.
Something hits you.
* * * LOW HITPOINT WARNING * * *
Something bites you!
* * * LOW HITPOINT WARNING * * *
Something draws strength from your injuries! 😱 HP[-12]
You take 12 damage, and now have 6/99 hp.
Unknown command.
You hit something. You kick something. Something hits you.
* * * LOW HITPOINT WARNING * * *
Something barely misses you. 😱 HP[-4]
You take 4 damage, and now have 2/99 hp.
You feel better. Something hits you.
* * * LOW HITPOINT WARNING * * *
Something bites you but does no damage. 😱 HP[+5]
You regained 5 hp, and now have 7/99 hp.
You feel better. Something draws life force from you!
You die...

Skill      XL: |  1  2  3  4  5  6  7  8  9 10 11 |
---------------+----------------------------------+-----
Unarmed Combat | 4 5 6 7 10 | 10.0
Shapeshifting  | 4 5 6 7 8 |  8.5
Dodging        | 3 5 7 |  7.4
Fighting       | 6 9 10 | 10.0
Invocations    | 5 7 |  7.0

Action                     |  1- 3 |  4- 6 |  7- 9 | 10-12 || total
---------------------------+-------+-------+-------+-------++-------
  Melee: Unarmed           |    84 |   168 |   170 |   327 ||   749
         Tailslap          |     9 |    24 |    24 |    66 ||   123
         Punch             |     2 |     6 |    13 |    18 ||    39
         Kick              |     6 |    55 |    58 |   121 ||   240
 Invoke: Heroism           |       |       |       |     1 ||     1
Ability: Breathe Noxious F |       |       |    19 |    15 ||    34
    Use: Scroll            |    10 |       |     6 |     7 ||    23
         Potion            |     2 |       |       |     2 ||     4
   Stab: Sleeping          |     1 |       |       |     1 ||     2
         Confused          |       |       |     4 |     8 ||    12
 Armour: Skin              |    36 |    71 |    51 |    81 ||   239
  Dodge: Dodged            |    57 |   151 |   156 |   276 ||   640
         Form:             |       |       |     1 |       ||     1
         Beast             |       |       |     1 |       ||     1

Levels and vault maps discovered:
D:1:      arrival_aquarium_a, layout_rooms, serial_shops, shop,
          hellmonk_ecumenical_altar_arch_garden
D:2:      layout_basic, serial_shops, nicolae_shop_just_a_little_nook, shop,
          nicolae_shop_getting_attention, uniq_terence
D:3:      layout_rooms, minmay_misc_feat_more_columns, hex_intersection
D:4:      layout_layer_cave, lightli_ossuary_entry_decrepit_ruins,
          uniq_blork_the_orc, uniq_sigmund
D:5:      layout_loops_cross, uniq_edmund, uniq_menkaure
D:6:      layout_basic, uniq_prince_ribbit1
D:7:      layout_loops_ring, mainiacjoe_overflow_boulevard, temple_statues
D:8:      layout_loops_ring, uniq_joseph, uniq_erica
D:9:      layout_roguey, kennysheep_opposing_triangles
D:10:     layout_irregular_city, erik_lair_dragon, minmay_fractal_squares_5
D:11:     minmay_angry_zag, layout_basic, orc_0_dummy,
          portal_ice_cave_demonic_guard
Temple:   kilobyte_greek_temple

Notes
Turn   | Place    | Note
-------+----------+-------------------------------------------
     0 | D:1      | ytrimaz the Draconian Shapeshifter began the quest for the
                  | Orb.
     0 | D:1      | Reached XP level 1. HP: 16/16 MP: 1/1
     0 | D:1      | magus.rc [v1.9.6]
     1 | D:1      | Noticed an electric eel
    42 | D:1      | Found a faded altar of an unknown god.
    86 | D:1      | Found Cohem's Distillery.
   208 | D:1      | Reached XP level 2. HP: 23/23 MP: 2/2
   455 | D:2      | Noticed Terence
   466 | D:2      | Killed Terence
   467 | D:2      | Reached XP level 3. HP: 16/28 MP: 3/3
   851 | D:2      | Found Lematz's Assorted Antiques.
   886 | D:2      | Found Godacrutz's Magic Scroll Emporium.
   894 | D:2      | Bought a scroll of identify for 20 gold pieces
   966 | D:2      | Gained mutation: Your mind is acute. (Int +4, Str/Dex -1)
                  | [potion of mutation]
   966 | D:2      | Gained mutation: Your magical capacity is low. (-10% MP)
                  | [potion of mutation]
   966 | D:2      | Gained mutation: You have large cloven feet. [potion of
                  | mutation]
   966 | D:2      | Gained mutation: Your large and strong wings let you fly.
                  | [potion of mutation]
   969 | D:2      | Found Conealex's General Store.
  1502 | D:3      | Reached skill level 4 in Unarmed Combat
  1642 | D:3      | Reached XP level 4. HP: 33/35 MP: 3/3
  1734 | D:3      | Reached skill level 4 in Shapeshifting
  2110 | D:4      | Noticed Blork the orc
  2128 | D:4      | Killed Blork the orc
  2128 | D:4      | HP: 8/35 [something/puff of flame (10)]
  2129 | D:4      | Reached XP level 5. HP: 9/40 MP: 4/4
  2351 | D:4      | Found a sand-covered staircase.
  2356 | Ossuary  | Entered an ossuary
  2387 | Ossuary  | Reached skill level 5 in Unarmed Combat
  2396 | Ossuary  | Reached XP level 6. HP: 44/47 MP: 5/5
  2430 | Ossuary  | Reached skill level 5 in Shapeshifting
  2686 | D:4      | HP: 11/47 [poisoned by a scorpion]
  3098 | D:4      | Noticed Sigmund
  3106 | D:4      | Killed Sigmund
  3107 | D:4      | Reached skill level 6 in Unarmed Combat
  3107 | D:4      | Your scales start taking on a lurid green colour.
  3107 | D:4      | Reached XP level 7. HP: 52/52 MP: 6/6
  3107 | D:4      | Gained mutation: Your system is resistant to poisons.
                  | (rPois) [Green Draconian growth]
  3191 | D:4      | Reached skill level 6 in Shapeshifting
  3208 | D:4      | You pick up a book of Minor Magic and begin reading...
  3208 | D:4      | You add the spells Magic Dart, Call Imp and Mephitic Cloud
                  | to your library.
  3455 | D:4      | You pick up a book of Burglary and begin reading...
  3455 | D:4      | You add the spells Passwall, Ensorcelled Hibernation and
                  | Swiftness to your library.
  3479 | D:4      | You add the spells Cigotuvi's Dreadful Rot, Ignite Poison
                  | and Freezing Cloud to your library.
  3499 | D:5      | Entered Level 5 of the Dungeon
  3551 | D:5      | Noticed Edmund
  3558 | D:5      | Killed Edmund
  3665 | D:5      | Reached skill level 7 in Unarmed Combat
  3687 | D:5      | Reached XP level 8. HP: 54/59 MP: 7/7
  3802 | D:5      | Reached skill level 7 in Shapeshifting
  3821 | D:5      | Noticed Menkaure
  3826 | D:5      | Killed Menkaure
  3827 | D:5      | Reached skill level 8 in Unarmed Combat
  4286 | D:6      | Reached skill level 9 in Unarmed Combat
  4339 | D:6      | Noticed Prince Ribbit
  4346 | D:6      | Killed Prince Ribbit
  4395 | D:6      | Reached skill level 10 in Unarmed Combat
  4395 | D:6      | Reached XP level 9. HP: 38/64 MP: 8/8
  4576 | D:6      | Reached skill level 2 in Dodging
  4667 | D:6      | Reached skill level 2 in Fighting
  4861 | D:7      | Found an opulent altar of Gozag.
  4861 | D:7      | Found a staircase to the Ecumenical Temple.
  5053 | Temple   | Entered the Ecumenical Temple
  5103 | Temple   | Became a worshipper of Warmaster Okawaru
  5167 | D:7      | Reached skill level 3 in Fighting
  5171 | D:7      | Reached skill level 3 in Dodging
  5253 | D:7      | Reached skill level 1 in Invocations
  5613 | D:7      | Reached skill level 4 in Fighting
  5617 | D:7      | Reached skill level 2 in Invocations
  5826 | D:7      | You add the spells Gell's Gravitas, Teleport Other and
                  | Dispersal to your library.
  5989 | D:8      | Reached skill level 3 in Invocations
  6117 | D:8      | Noticed Erica
  6126 | D:8      | Reached * piety under Okawaru
  6127 | D:8      | Reached skill level 5 in Fighting
  6129 | D:8      | Reached skill level 4 in Invocations
  6131 | D:8      | Killed Erica
  6131 | D:8      | Reached ** piety under Okawaru
  6132 | D:8      | Reached skill level 6 in Fighting
  6132 | D:8      | Reached skill level 5 in Invocations
  6136 | D:8      | Reached XP level 10. HP: 61/84 MP: 10/12
  6153 | D:8      | Reached skill level 7 in Fighting
  6153 | D:8      | Reached skill level 6 in Invocations
  6196 | D:8      | Noticed Joseph
  6222 | D:8      | Killed Joseph
  6243 | D:8      | Reached *** piety under Okawaru
  6446 | D:8      | Noticed a two-headed ogre
  6460 | D:8      | Killed a two-headed ogre
  6461 | D:8      | Reached skill level 8 in Fighting
  6461 | D:8      | Reached skill level 7 in Invocations
  6571 | D:8      | You pick up a book of Cantrips and begin reading...
  6571 | D:8      | You add the spells Necrotise and Apportation to your
                  | library.
  6746 | D:9      | You pick up a book of Blood and begin reading...
  6746 | D:9      | You add the spells Sublimation of Blood and Wereblood to
                  | your library.
  6814 | D:9      | Reached skill level 9 in Fighting
  6869 | D:9      | Reached skill level 4 in Dodging
  7199 | D:9      | Reached **** piety under Okawaru
  7237 | D:9      | Reached skill level 5 in Dodging
  7343 | D:9      | Reached XP level 11. HP: 59/99 MP: 14/14
  7347 | D:9      | Reached skill level 10 in Fighting
  7442 | D:10     | Entered Level 10 of the Dungeon
  7579 | D:10     | Reached ***** piety under Okawaru
  7586 | D:10     | Reached skill level 6 in Dodging
  7699 | D:10     | Received a gift from Okawaru
  7725 | D:10     | Noticed a two-headed ogre
  7737 | D:10     | Killed a two-headed ogre
  7853 | D:10     | Reached skill level 8 in Shapeshifting
  7924 | D:10     | You pick up a book of Sloth and begin reading...
  7924 | D:10     | You add the spells Frozen Ramparts, Petrify and Metabolic
                  | Englaciation to your library.
  8028 | D:10     | Reached skill level 7 in Dodging
  8127 | D:10     | Found a staircase to the Lair.
  8322 | D:10     | You pick up a book of Conjurations and begin reading...
  8322 | D:10     | You add the spells Searing Ray and Fulminant Prism to your
                  | library.
  8468 | D:11     | HP: 18/99 [something (9)]
  8469 | D:11     | HP: 6/99 [something (9)]
  8470 | D:11     | HP: 2/99 [something (5)]
  8472 | D:11     | Killed from afar by a vampire

Vanquished Creatures
  Erica (D:8)
  2 two-headed ogres
  2 cyclopes (D:10)
  Joseph (D:8)
  A gargoyle (D:10)
  2 komodo dragons (D:10)
  A troll (D:9)
  Prince Ribbit (D:6)
  2 hornets
  Sigmund (D:4)
  A shadow (D:10)
  2 wyverns
  2 wraiths (D:10)
  12 yaks
  A basilisk (D:10)
  3 steam dragons
  Menkaure (D:5)
  Edmund (D:5)
  2 acid dragons (D:10)
  4 orc warriors
  A black bear (D:5)
  An ice beast (D:5)
  2 ogres (D:6)
  6 centaurs
  2 phantoms (D:6)
  2 kobold brigands
  Blork the orc (D:4)
  4 bullfrogs
  5 gnoll sergeants
  2 scorpions
  8 wights
  8 killer bees
  2 howler monkeys (D:10)
  5 hounds
  2 human zombies (Ossuary)
  3 centaur zombies (Ossuary)
  3 orc priests (D:10)
  A jelly (D:6)
  A gnoll bouda (D:7)
  Terence (D:2)
  3 iguanas
  12 orc wizards
  3 mummies (Ossuary)
  18 gnolls
  2 adders (D:6)
  2 white imps
  4 ufetubi
  2 adder zombies (Ossuary)
  2 worms
  4 dart slugs
  26 orcs
  5 ball pythons
  6 bats (D:3)
  5 endoplasms
  3 giant cockroaches
  A gnoll zombie (Ossuary)
  2 goblins
  5 hobgoblins
  8 jackals (D:3)
  12 kobolds
  A quokka (D:2)
  3 goblin zombies (Ossuary)
  5 hobgoblin zombies (Ossuary)
  3 jackal zombies (Ossuary)
  6 kobold zombies (Ossuary)
  3 orc zombies (Ossuary)
  A quokka zombie (Ossuary)
  2 rats
  2 rat zombies (Ossuary)
254 creatures vanquished.

Vanquished Creatures (collateral kills)
  A killer bee (D:8)
1 creature vanquished.

Vanquished Creatures (others)
  A killer bee (D:9)
  2 orcs (D:10)
3 creatures vanquished.

Grand Total: 258 creatures vanquished

Table legend:
 A = Non-vault XP
 B = Vault XP
 C = Vault XP percentage of total XP
 D = Non-vault monster count
 E = Vault monster count
 F = Vault count percentage of total count
                 A         B        C        D         E       F
            +---------+---------+-------+---------+---------+-------
      Total |   10708 |    6569 |  38.0 |     196 |      59 |  23.1
            +---------+---------+-------+---------+---------+-------
        D:1 |      15 |       0 |   0.0 |       7 |       0 |   0.0
        D:2 |      21 |      38 |  64.4 |      11 |       1 |   8.3
        D:3 |      37 |       0 |   0.0 |      20 |       0 |   0.0
        D:4 |     185 |     333 |  64.3 |      13 |       2 |  13.3
        D:5 |     824 |     336 |  29.0 |      19 |       2 |   9.5
        D:6 |     793 |     283 |  26.3 |      13 |       1 |   7.1
        D:7 |     770 |       0 |   0.0 |      27 |       0 |   0.0
        D:8 |    2876 |    1300 |  31.1 |      18 |       2 |  10.0
        D:9 |    2732 |     619 |  18.5 |      44 |       4 |   8.3
       D:10 |    2381 |    3345 |  58.4 |      21 |      13 |  38.2
       D:11 |      74 |       0 |   0.0 |       3 |       0 |   0.0
    Ossuary |       0 |     315 | 100.0 |       0 |      34 | 100.0
            +---------+---------+-------+---------+---------+-------

Skill      XL: |  1  2  3  4  5  6  7  8  9 10 11 |
---------------+----------------------------------+-----
Unarmed Combat | 4 5 6 7 10 | 10.0
Shapeshifting  | 4 5 6 7 8 |  8.5
Dodging        | 3 5 7 |  7.4
Fighting       | 6 9 10 | 10.0
Invocations    | 5 7 |  7.0

Action                     |  1- 3 |  4- 6 |  7- 9 | 10-12 || total
---------------------------+-------+-------+-------+-------++-------
  Melee: Unarmed           |    84 |   168 |   170 |   327 ||   749
         Tailslap          |     9 |    24 |    24 |    66 ||   123
         Punch             |     2 |     6 |    13 |    18 ||    39
         Kick              |     6 |    55 |    58 |   121 ||   240
 Invoke: Heroism           |       |       |       |     1 ||     1
Ability: Breathe Noxious F |       |       |    19 |    15 ||    34
    Use: Scroll            |    10 |       |     6 |     7 ||    23
         Potion            |     2 |       |       |     2 ||     4
   Stab: Sleeping          |     1 |       |       |     1 ||     2
         Confused          |       |       |     4 |     8 ||    12
 Armour: Skin              |    36 |    71 |    51 |    81 ||   239
  Dodge: Dodged            |    57 |   151 |   156 |   276 ||   640
         Form:             |       |       |     1 |       ||     1
         Beast             |       |       |     1 |       ||     1

Illustrated notes

Table legend:
 A = Kills in this place as a percentage of kills in the entire game.
 B = Kills by you in this place as a percentage of kills by you in the entire game.
 C = Kills by friends in this place as a percentage of kills by friends in the entire game.
 D = Other kills in this place as a percentage of other kills in the entire game.
 E = Experience gained in this place as a percentage of experience gained in the entire game.
 F = Experience gained in this place divided by the number of levels of this place that you have seen.
                   A       B       C       D       E      F
               +-------+-------+-------+-------+-------+----------------------
         Total | 100.0 | 100.0 | 100.0 | 100.0 | 100.0 | 1329.0
       Dungeon |  86.7 |  86.3 | 100.0 | 100.0 |  98.2 | 1542.0
       Ossuary |  13.3 |  13.7 |   0.0 |   0.0 |   1.8 | 315.0
               +-------+-------+-------+-------+-------+----------------------

Table legend: (Time is in decaauts)
 A = Elapsed time spent in this place.
 B = Non-inter-level travel time spent in this place.
 C = Inter-level travel time spent in this place.
 D = Time resting spent in this place.
 E = Time spent auto-exploring this place.
 F = Levels seen in this place.
 G = Mean time per level.
                   A        B        C        D        E       F      G
               +--------+--------+--------+--------+--------+-----+--------+
         Total |   8364 |   8189 |    175 |    124 |   6302 |  13 |  643.4 |
       Dungeon |   7976 |   7834 |    142 |    124 |   6153 |  11 |  725.1 |
        Temple |     87 |     54 |     33 |      0 |      0 |   1 |   87.0 |
       Ossuary |    299 |    299 |      0 |      0 |    149 |   1 |  299.0 |
               +--------+--------+--------+--------+--------+-----+--------+

Top non-repeatable levels by time:
     D:4: 1190 daAuts
     D:2: 983 daAuts
    D:10: 982 daAuts
     D:7: 930 daAuts
     D:9: 771 daAuts
     D:8: 743 daAuts
     D:5: 725 daAuts
     D:6: 621 daAuts
     D:3: 576 daAuts
     D:1: 424 daAuts
 Ossuary: 299 daAuts
  Temple: 87 daAuts
    D:11: 25 daAuts
